 Dungeon Crawl Stone Soup version 0.30.0-15-g856e2d3f33 (webtiles) character file.

Game seed: 7444463494431520181

257 Drazool the Cudgeller (level 5, -1/41 HPs)
             Began as a Demonspawn Fighter on May 18, 2023.
             Was an Initiate of Ru.
             Succumbed to an orc priest's poison
             ... on level 4 of the Dungeon.
             The game lasted 00:05:22 (3138 turns).

Drazool the Cudgeller (Demonspawn Fighter)          Turns: 3138, Time: 00:05:23

Health: -1/41      AC:  6    Str: 19    XL:     5   Next: 93%
Magic:  4/5        EV:  9    Int:  9    God:    Ru [......]
Gold:   140        SH:  4    Dex: 12    Spells: 4/4 levels left

rFire   . . .        a - +0 flail (venom)
rCold   . . .        c - +0 buckler
rNeg    . . .        m - +0 scale mail {Will+}
rPois   .            (helmet restricted)
rElec   .            (no cloak)
rCorr   .            (no gloves)
SInv    .            (no boots)
Will    +....        p - amulet of guardian spirit Stlth
                     (no ring)
HPRegen 0.26/turn    (no ring)
MPRegen 0.09/turn

%: guardian spirit
@: lethally poisoned (-1 -> -13)
A: hooves 1, horns 1, ignite blood 1, demonic touch 1
a: Renounce Religion


You were on level 4 of the Dungeon.
You worshipped Ru.
Ru was noncommittal.
You visited 1 branch of the dungeon, and saw 4 of its levels.

You collected 140 gold pieces.

Inventory:

Hand Weapons
 a - a +0 flail of venom (weapon)
 r - a +0 hand axe of electrocution
Missiles
 l - 5 poisoned darts (quivered)
Armour
 c - a +0 buckler (worn)
 m - a +0 scale mail of willpower (worn)
Jewellery
 p - an amulet of guardian spirit (around neck)
Wands
 j - a wand of flame (11)
Scrolls
 f - 2 scrolls of immolation
 q - a scroll of blinking {unknown}
 s - a scroll of vulnerability {unknown}
Potions
 b - a potion of mutation {unknown}
 d - 2 potions of might
 e - a potion of flight {unknown}
 g - a potion of berserk rage
 h - a potion of degeneration {unknown}
 k - a potion of magic


   Skills:
 - Level 3.4 Fighting
 + Level 5.0 Maces & Flails
 - Level 3.1 Armour
 - Level 3.1 Shields


You had 4 spell levels left.
You didn't know any spells.
Your spell library contained the following spells:

 Spells                   Type           Power      Damage    Failure   Level
 Slow                     Hex            0%         N/A       83%         1
 Cigotuvi's Dreadful Rot  Necr/Pois/Air  0%         N/A       92%         2
 Call Canine Familiar     Summ           0%         N/A       99%         3
 Confusing Touch          Hex            0%         N/A       99%         3
 Ignite Poison            Fire/Tmut/Pois 0%         N/A       99%         3
 Portal Projectile        Hex/Tloc       0%         N/A       99%         3
 Vampiric Draining        Necr           0%         2d6       99%         3
 Leda's Liquefaction      Hex/Erth       0%         N/A       100%        4
 Freezing Cloud           Conj/Ice/Air   0%         6-21      100%        5


Dungeon Overview and Level Annotations

Branches:
Dungeon (4/15)
 Temple: D:4-7

Altars:
Ru

Shops:
D:3 [


Innate Abilities, Weirdness & Mutations

You have large cloven feet.
You have a pair of small horns on your head.
Your demonic aura sometimes causes spilled blood to erupt in flames.
Your touch may inflict minor irresistible damage on your foes.


Message History

The orc priest is moderately wounded.
You feel sick.
The orc wizard hits you but does no damage.
The orc priest hits you with a +0 whip of venom.
You are more poisoned.
You closely miss the orc priest.
The orc priest is moderately wounded.
You feel very sick. You block the orc wizard's attack.
The orc priest mumbles some strange prayers to Beogh against you.
Beogh smites you!
You are too injured to fight recklessly!
You are too injured to fight recklessly!
You are too injured to fight recklessly!
Unknown command.
You feel sick.
You sock the orc wizard!
The orc wizard is poisoned.
Your kick misses the orc wizard. Your headbutt misses the orc wizard.
The orc wizard is heavily wounded.
You feel very sick. The orc wizard completely misses you.
You hit the orc wizard but do no damage.
The orc wizard looks as sick as possible!
You kick the orc wizard.
The orc wizard is heavily wounded.
You feel sick. You block the orc wizard's attack.
The orc priest hits you but does no damage.
You are lethally poisoned!
The orc wizard gestures wildly while chanting.
The orc wizard flickers and vanishes!
Deactivating autopickup; reactivate with Ctrl-A.
The orc priest calls down the wrath of Beogh upon you.
Beogh smites you!
* * * LOW HITPOINT WARNING * * *
It was a potion of magic.
Magic courses through your body.
* * * LOW HITPOINT WARNING * * *
You feel very sick. Something hits you. The orc priest closely misses you.
It was a potion of cancellation.
You feel magically purged.
You die...

##...##.......#
#....##..#...## #
##...##.......###
.####.....#.(.......#
...##.....#.†.......#
...#..##..##...# ..###
.#...###.....#)## ....##
.#.#####........##.....#.
...#..###.......@{.......
...............##o.......
.##.......###..###).$....
.#.....#..# #...# .......
.......##.###.### .8.....
#....###......# .######
#.............# .#oo[..
.........##.### .#?..o#
##)...#### ..#. .# ###.


You could see 2 orc priests and 2 orcs.

Vanquished Creatures
  A bullfrog (D:3)
  An orc priest (D:3)
  An orc wizard (D:3)
  Robin (D:2)
  4 adders
  A worm (D:3)
  A dart slug (D:2)
  15 orcs
  7 endoplasms
  3 giant cockroaches
  9 goblins
  8 hobgoblins
  2 jackals (D:2)
  3 quokkas
  6 ball pythons
  A bat (D:2)
  3 frilled lizards
  5 kobolds
  3 rats
75 creatures vanquished.

Notes
Turn   | Place    | Note
-------+----------+-------------------------------------------
     0 | D:1      | Drazool the Demonspawn Fighter began the quest for the Orb.
     0 | D:1      | Reached XP level 1. HP: 18/18 MP: 1/1
   376 | D:1      | Reached skill level 2 in Maces & Flails
   391 | D:1      | Gained mutation: Your demonic aura sometimes causes spilled
                  | blood to erupt in flames. [demonic ancestry]
   391 | D:1      | Reached XP level 2. HP: 24/24 MP: 2/2
   935 | D:2      | Noticed Robin
   997 | D:2      | Discovered your monstrous ancestry.
   997 | D:2      | Gained mutation: You have a pair of small horns on your
                  | head. [demonic ancestry]
   997 | D:2      | Reached XP level 3. HP: 29/29 MP: 3/3
  1023 | D:2      | Killed Robin
  1582 | D:3      | Reached skill level 3 in Maces & Flails
  1582 | D:3      | Gained mutation: You have large cloven feet. [demonic
                  | ancestry]
  1582 | D:3      | Reached XP level 4. HP: 35/35 MP: 4/4
  1720 | D:3      | Found a sacrificial altar of Ru.
  1731 | D:3      | Became a worshipper of Ru the Awakened
  1749 | D:3      | Identified the +3 scale mail "Nelyu" {rN++ Int-5}
  2054 | D:3      | Found Jutoniecvi's Antique Armour Emporium.
  2068 | D:3      | Found a faded altar of an unknown god.
  2068 | D:3      | Noticed a bullfrog
  2188 | D:2      | Gained mutation: Your touch may inflict minor irresistible
                  | damage on your foes. [demonic ancestry]
  2188 | D:2      | Reached XP level 5. HP: 15/41 MP: 5/5
  2356 | D:3      | Reached skill level 4 in Maces & Flails
  2954 | D:4      | Reached skill level 5 in Maces & Flails
  3137 | D:4      | HP: 1/41 [poisoned by an orc priest]
  3138 | D:4      | Succumbed to an orc priest's poison

Illustrated notes

Levels and vault maps discovered:
D:1:      tekkud_arrival_beachfront_property, layout_basic
D:2:      layout_basic, minmay_misc_feat_room, uniq_robin
D:3:      layout_loops_ring, nicolae_ru_sacrificial_ziggurat,
          shapermc_ecumenical_altar_ellora, serial_shops, shop,
          hangedman_decor_growths
D:4:      layout_cave_pools, biasface_ghost_orc_armoury

Skill      XL: |  1  2  3  4  5 |
---------------+----------------+-----
Maces & Flails | 2 3 5 |  5.0
Armour         | 3 |  3.1
Shields        | 3 |  3.1
Fighting       | |  3.4

Action                     |  1- 3 |  4- 6 || total
---------------------------+-------+-------++-------
  Melee: Flail             |    89 |    95 ||   184
         Headbutt          |     9 |     9 ||    18
         Kick              |       |    14 ||    14
    Use: Scroll            |     3 |     2 ||     5
         Potion            |       |     5 ||     5
 Armour: Scale mail        |    35 |    42 ||    77
  Dodge: Dodged            |    35 |    37 ||    72
  Block: Buckler           |    17 |    15 ||    32
